 Dungeon Crawl Stone Soup version 0.30.0-29-ga12c61a403 (webtiles) character file.

Game seed: 12807125801039965617

1164 DemonSlayer the Magician (level 8, 0/53 HPs)
             Began as a Demonspawn Earth Elementalist on June 25, 2023.
             Was a Follower of Dithmenos.
             Slain by a steam dragon (7 damage)
             ... on level 6 of the Dungeon.
             The game lasted 00:08:39 (4914 turns).

DemonSlayer the Magician (DsEE)                     Turns: 4914, Time: 00:08:40

Health: 0/53       AC: 10    Str:  8    XL:     8   Next: 17%
Magic:  13/17      EV:  8    Int: 20    God:    Dithmenos [*.....]
Gold:   304        SH:  0    Dex: 13    Spells: 9/19 levels left

rFire   . . .        n - +1 dagger (venom)
rCold   . . .        (no shield)
rNeg    . . .        a - +2 scale mail of the Shore {Regen+ Stlth+}
rPois   .            u - +0 helmet
rElec   .            e - +0 cloak
rCorr   .            (no gloves)
SInv    .            (no boots)
Will    .....        (no amulet)
Stlth   ++           (no ring)
HPRegen 1.08/turn    (no ring)
MPRegen 0.15/turn

%: no passive effects
@: very slightly contaminated, wreathed by umbra
A: hooves 2, demonic guardian 1, condensation shield
a: Renounce Religion


You were on level 6 of the Dungeon.
You worshipped Dithmenos.
Dithmenos was aware of your devotion.
You visited 1 branch of the dungeon, and saw 6 of its levels.

You collected 304 gold pieces.

Inventory:

Hand Weapons
 n - a +1 dagger of venom (weapon)
Armour
 a - the +2 scale mail of the Shore (worn) {Regen+ Stlth+}
   (You found it on level 5 of the Dungeon)

   Regen:     It increases your rate of health regeneration.
   Stlth:     It makes you more stealthy.
 e - a +0 cloak (worn)
 u - a +0 helmet (worn)
Wands
 c - a wand of roots (8)
 o - a wand of mindburst (12)
Scrolls
 b - 6 scrolls of identify {unknown}
 f - 2 scrolls of blinking {unknown}
 g - 2 scrolls of noise {unknown}
 h - 6 scrolls of teleportation {unknown}
 r - 2 scrolls of magic mapping {unknown}
 s - 2 scrolls of vulnerability {unknown}
 w - a scroll of enchant armour {unknown}
Potions
 d - 3 potions of might {unknown}
 i - 2 potions of degeneration {unknown}
 j - 5 potions of heal wounds {unknown}
 k - 3 potions of mutation {unknown}
 l - a potion of resistance {unknown}
 m - 2 potions of curing {unknown}
 p - 2 potions of brilliance {unknown}
 q - a potion of berserk rage {unknown}
 t - a potion of lignification {unknown}
 v - a potion of flight {unknown}
 x - a potion of attraction {unknown}


   Skills:
 + Level 0.5 Fighting
 + Level 0.3 Armour
 + Level 2.6 Dodging
 + Level 3.0 Stealth
 + Level 0.7 Shields
 + Level 6.4 Spellcasting
 + Level 0.8 Transmutations
 + Level 6.0 Earth Magic


You had 9 spell levels left.
You knew the following spells:

 Your Spells              Type           Power      Damage    Failure   Level
a - Sandblast             Erth           60%        2d14      9%          1
b - Passwall              Tmut/Erth      16%        N/A       36%         2
c - Stone Arrow           Conj/Erth      36%        3d9       65%         3
d - Petrify               Tmut/Erth      20%        N/A       94%         4

Your spell library contained the following spells:

 Spells                   Type           Power      Damage    Failure   Level
 Sublimation of Blood     Necr           6%         N/A       83%         2
 Irradiate                Conj/Tmut      4%         3d13      100%        5


Dungeon Overview and Level Annotations

Branches:
Dungeon (6/15)
 Temple: D:4-7

Altars:
Dithmenos
Fedhas
Kikubaaqudgha
Nemelex Xobeh
Wu Jian
Xom


Innate Abilities, Weirdness & Mutations

You have hoof-like feet.
A weak demonic guardian rushes to your aid.
A meltable shield of frost defends you. (SH +0)


Message History

The hound barely misses you. The hound closely misses you.
The blast of sand hits the hound!
You kill the hound!
Dithmenos accepts your kill.
Your magical contamination has completely faded away.
Your Earth Magic skill increases to level 6!
You can't see any susceptible monsters within range! (Use Z to cast anyway.)
You can't see any susceptible monsters within range! (Use Z to cast anyway.)
You can't see any susceptible monsters within range! (Use Z to cast anyway.)
A steam dragon is nearby!
A steam dragon is nearby!
Found a helmet.
The blast of sand hits the steam dragon!
The steam dragon is moderately wounded.
The steam dragon hisses angrily.
The steam dragon breathes steam at you. The ball of steam hits you.
Your condensation shield dissipates!
The blast of sand hits the steam dragon!
The steam dragon is severely wounded.
You are engulfed in a cloud of scalding steam.
The steam dragon breathes steam at you. The ball of steam hits you!!
You can't see any susceptible monsters within range! (Use Z to cast anyway.)
You miscast Sandblast.
You are very lightly contaminated with residual magic.
Nothing appears to happen.
The blast of sand hits the steam dragon.
The steam dragon is severely wounded.
The steam dragon closely misses you.
The steam dragon claws you but does no damage.
The blast of sand hits the steam dragon!
The steam dragon is almost dead.
You are engulfed in a cloud of scalding steam.
A demonic guardian appears!
The steam dragon breathes steam at you. The ball of steam hits you!
* * * LOW HITPOINT WARNING * * *
The steam dragon bites you!
You die...

##### ###[...##
##.......### ##
#..........###.#.
..........$......
.......§5..(....
#........D..#
#......§.@.#
#.......§## ...#
#...##..## ...
#####..## ..#
##†.## ..# ##.§##
..# ##..## ..#
####..##
..####....##


You could see a steam dragon (catching breath, ally target) and a friendly
ufetubus (summoned).

Vanquished Creatures
  Menkaure (D:4)
  A sky beast (D:4)
  An ice beast (D:6)
  An ogre (D:5)
  A phantom (D:5)
  Blork the orc (D:5)
  A kobold brigand (D:6)
  3 scorpions (D:5)
  An orc priest (D:6)
  3 hounds
  A jelly (D:5)
  A sleepcap (D:5)
  3 iguanas (D:5)
  5 adders
  An ufetubus (D:5)
  A worm (D:2)
  6 dart slugs
  10 orcs
  A bat zombie (D:4)
  5 endoplasms
  4 giant cockroaches
  11 goblins
  6 hobgoblins
  4 jackals (D:1)
  11 kobolds
  A quokka (D:1)
  2 ball pythons
  3 bats
  2 frilled lizards (D:1)
  5 rats
  A rat zombie (D:4)
98 creatures vanquished.

Notes
Turn   | Place    | Note
-------+----------+-------------------------------------------
     0 | D:1      | DemonSlayer the Demonspawn Earth Elementalist began the
                  | quest for the Orb.
     0 | D:1      | Reached XP level 1. HP: 13/13 MP: 3/3
   206 | D:1      | Gained mutation: You have large cloven feet. [demonic
                  | ancestry]
   206 | D:1      | Reached XP level 2. HP: 19/19 MP: 3/5
   665 | D:1      | Found a faded altar of an unknown god.
   896 | D:1      | Learned a level 2 spell: Passwall
   948 | D:2      | Gained mutation: A meltable shield of frost defends you.
                  | (SH +0) [demonic ancestry]
   948 | D:2      | Reached XP level 3. HP: 21/24 MP: 3/6
  1696 | D:2      | Learned a level 3 spell: Stone Arrow
  1832 | D:3      | Gained mutation: You have hoof-like feet. [demonic
                  | ancestry]
  1832 | D:3      | Reached XP level 4. HP: 29/30 MP: 4/8
  1936 | D:3      | Found a blossoming altar of Fedhas.
  1994 | D:3      | Found a shadowy altar of Dithmenos.
  2003 | D:3      | Became a worshipper of Dithmenos the Shadowed
  2649 | D:4      | Noticed a sky beast
  2655 | D:4      | Killed a sky beast
  2656 | D:4      | Gained mutation: A weak demonic guardian rushes to your
                  | aid. [demonic ancestry]
  2656 | D:4      | Reached XP level 5. HP: 16/35 MP: 4/10
  2942 | D:4      | Noticed Menkaure
  2951 | D:4      | Killed Menkaure
  2952 | D:4      | Reached XP level 6. HP: 18/42 MP: 6/12
  3114 | D:4      | Found a shimmering altar of Xom.
  3114 | D:4      | Found a sparkling altar of Nemelex Xobeh.
  3226 | D:4      | Found an ancient bone altar of Kikubaaqudgha.
  3233 | D:4      | Learned a level 4 spell: Petrify
  3273 | D:5      | Entered Level 5 of the Dungeon
  3410 | D:5      | Reached skill level 5 in Spellcasting
  3490 | D:5      | Noticed Blork the orc
  3500 | D:5      | Killed Blork the orc
  3501 | D:5      | Reached XP level 7. HP: 13/47 MP: 5/14
  3598 | D:5      | Reached skill level 5 in Earth Magic
  4204 | D:5      | Reached * piety under Dithmenos
  4205 | D:5      | Identified the +2 scale mail of the Shore {Regen+ Stlth+}
  4684 | D:6      | Found an ornate altar of the Wu Jian Council.
  4726 | D:6      | Reached XP level 8. HP: 40/53 MP: 6/17
  4914 | D:6      | Slain by a steam dragon

Illustrated notes

Levels and vault maps discovered:
D:1:      dpeg_arrival_water_fire, layout_loops_ring,
          hellmonk_ecumenical_altar_inner_sanctum
D:2:      wad_pebble_path, layout_loops_ring, kennysheep_generic_room_11
D:3:      layout_loops_ring, nicolae_dithmenos_the_darkroom,
          mainiacjoe_overflow_brackets, corexii_leaking_fountain
D:4:      layout_cave_pools, lemuel_zombie_altar_kikubaaqudgha,
          amethyst_overflow_temple_binary, uniq_menkaure
D:5:      layout_loops_cross, minmay_starry_boxes, uniq_blork_the_orc
D:6:      layout_cave_pods, nzn_wu_jian_council_hall

Skill      XL: |  1  2  3  4  5  6  7  8 |
---------------+-------------------------+-----
Stealth        | 2 3 |  3.0
Earth Magic    | 3 4 5 6 |  6.0
Spellcasting   | 3 4 5 6 |  6.4
Dodging        | 2 |  2.6
Fighting       | |  0.5
Armour         | |  0.3
Shields        | |  0.7
Transmutations | |  0.8

Action                     |  1- 3 |  4- 6 |  7- 9 || total
---------------------------+-------+-------+-------++-------
  Melee: Dagger            |    24 |     6 |    19 ||    49
         Punch             |     1 |       |       ||     1
         Kick              |     3 |     2 |     5 ||    10
   Cast: Sandblast         |    44 |    57 |    59 ||   160
    Use: Potion            |     1 |       |       ||     1
   Stab: Sleeping          |     6 |     3 |     1 ||    10
 Armour: Robe              |    14 |     8 |     2 ||    24
         Scale mail        |       |       |    18 ||    18
  Dodge: Dodged            |    32 |    22 |    30 ||    84
  Block: Other             |     4 |     6 |     8 ||    18
